 Dungeon Crawl Stone Soup version 0.23-a0-4-g8f018a2 (webtiles) character file.

64 prawnwizard the Slasher (level 3, -6/28 HPs)
             Began as a Demonspawn Gladiator on July 31, 2018.
             Mangled by an orc warrior
             ... wielding a +0 long sword
              (8 damage)
             ... on level 3 of the Dungeon.
             The game lasted 00:01:37 (2079 turns).

prawnwizard the Slasher (Demonspawn Gladiator)      Turns: 2079, Time: 00:01:37

Health: -6/28      AC:  9    Str: 15    XL:     3   Next: 91%
Magic:  3/3        EV:  7    Int:  9    God:
Gold:   41         SH:  0    Dex: 14    Spells: 2/2 levels left

rFire    + + .     SeeInvis .   a - +0 long sword
rCold    x . .     Gourm    .   (no shield)
rNeg     . . .     Faith    .   o - +0 chain mail
rPois    .         Spirit   .   c - +0 helmet
rElec    .         Reflect  .   (no cloak)
rCorr    .         Harm     .   (no gloves)
MR       .....                  (no boots)
Stlth    ..........             (no amulet)
HPRegen  0.09/turn              k - ring of fire
MPRegen  0.08/turn              j - ring of protection from fire

@: no status effects
A: nightstalker 1
a: no special abilities


You were on level 3 of the Dungeon.
You were not hungry.

You visited 1 branch of the dungeon, and saw 3 of its levels.

You collected 41 gold pieces.

Inventory:

Hand Weapons
 a - a +0 long sword (weapon)
Missiles
 d - 3 throwing nets (quivered)
Armour
 b - a +0 leather armour
 c - a +0 helmet (worn)
 o - a +0 chain mail (worn)
Jewellery
 j - a ring of protection from fire (right hand)
 k - a ring of fire (left hand)
Scrolls
 e - 2 scrolls of fear {unknown}
 h - 2 scrolls of remove curse {unknown}
 m - 3 scrolls of teleportation {unknown}
 n - 3 scrolls of identify {unknown}
 r - a scroll of amnesia {unknown}
 s - a scroll of immolation {unknown}
Potions
 g - a potion of brilliance {unknown}
 i - a potion of resistance {unknown}
 l - a potion of ambrosia {unknown}
 p - 2 potions of haste {unknown}
 t - a potion of might {unknown}
 u - a potion of degeneration {unknown}
Comestibles
 f - 6 rations


   Skills:
 + Level 2.7 Fighting
 * Level 3.6 Long Blades
 - Level 1.7 Throwing
 + Level 3.2 Dodging


You had 2 spell levels left.
You didn't know any spells.
Your spell library was empty.

Dungeon Overview and Level Annotations

Branches:
Dungeon (3/15)

Altars:


Innate Abilities, Weirdness & Mutations

You are slightly more attuned to the shadows.


Message History

The orc warrior hits you with a long sword.
You barely miss the orc warrior.
The orc warrior hits you with a long sword.
You barely miss the orc warrior.
The orc warrior hits you with a long sword.
You hit the orc warrior but do no damage.
The orc warrior hits you with a long sword.
You hit the orc warrior.
The orc warrior is lightly wounded.
The orc warrior hits you with a long sword!
* * * LOW HITPOINT WARNING * * *
All of the chunks of flesh in your inventory have rotted away.
You hit the orc warrior but do no damage.
The orc warrior is lightly wounded.
The orc warrior hits you with a long sword.
* * * LOW HITPOINT WARNING * * *
You hit the orc warrior but do no damage.
The orc warrior is lightly wounded.
The orc warrior hits you with a long sword!
You die...

# ## #. ##
...#.####################.
.......oo@................
#......#####....#########.
.....#.#####.##.##### #.
###..oo#......#...<.# #.
##..$#......##....# ##
#.###......##..).# #. #.
#####.###....# #.
..#######.# ###### #.
....(.(.# #.


You could see an orc warrior and an orc.

Vanquished Creatures
  An adder (D:3)
  2 worms (D:2)
  A dart slug (D:1)
  2 orcs (D:3)
  A ball python (D:2)
  2 bats
  3 giant cockroaches
  6 goblins
  5 hobgoblins
  5 jackals (D:1)
  5 kobolds
  3 frilled lizards
  5 rats
41 creatures vanquished.

Notes
Turn   | Place    | Note
-------+----------+-------------------------------------------
     0 | D:1      | prawnwizard the Demonspawn Gladiator began the quest for the Orb.
     0 | D:1      | Reached XP level 1. HP: 16/16 MP: 1/1
   145 | D:1      | Gained mutation: You are slightly more attuned to the shadows. [demonic ancestry]
   145 | D:1      | Reached XP level 2. HP: 12/22 MP: 2/2
   995 | D:2      | Reached XP level 3. HP: 15/28 MP: 3/3
  2058 | D:3      | Noticed an orc warrior
  2078 | D:3      | HP: 1/28 [orc warrior/long sword (3)]
  2079 | D:3      | Mangled by an orc warrior

Vault maps used:
D:1:      onia_arrival_pentagram
D:2:      hangedman_decor_riveting, kennysheep_boxes
D:3:      first_ration

Skill      XL: |  1  2 |
---------------+-------+-----
Long Blades    | 3 |  3.6
Dodging        | 3 |  3.2
Fighting       | |  2.7
Throwing       | |  1.7

Action                   || total
-------------------------++-------
Melee: Long sword        ||   130
 Stab: Sleeping          ||     2
  Eat: Chunk             ||     4
Armor: Leather armour    ||    10
       Chain mail        ||    55
Dodge: Dodged            ||    69
       Rpst.: Long sword ||    22

Table legend:
 A = Spawn XP
 B = Non-spawn XP
 C = Spawn XP percentage of total XP
 D = Spawn monster count
 E = Non-spawn monster count
 F = Spawn count percentage of total count
 G = Total turns spent on level
                    A         B        C        D         E        F      G
               +---------+---------+-------+---------+---------+-------+---------
         Total |       0 |      92 |   0.0 |       0 |      41 |   0.0 |  2079
               +---------+---------+-------+---------+---------+-------+---------
           D:1 |       0 |      33 |   0.0 |       0 |      17 |   0.0 |   959
           D:2 |       0 |      28 |   0.0 |       0 |      14 |   0.0 |   871
           D:3 |       0 |      31 |   0.0 |       0 |      10 |   0.0 |   249
               +---------+---------+-------+---------+---------+-------+---------
